 Dungeon Crawl Stone Soup version 0.19.3-4-gbf9329e (webtiles) character file.

21 muxecoid the Skirmisher (level 3, -1/28 HPs)
             Began as a Formicid Wanderer on Jan 27, 2017.
             Splashed by a jelly's acid (4 damage)
             ... on level 6 of the Dungeon.
             The game lasted 00:03:11 (1044 turns).

muxecoid the Skirmisher (Formicid Wanderer)         Turns: 1044, Time: 00:03:11

Health: -1/28      AC:  3    Str: 17    XL:     3   Next: 2%
Magic:  6/6        EV: 11    Int: 10    God:
Gold:   50         SH:  0    Dex: 11    Spells: 1 memorised, 5 levels left

rFire  . . .     SeeInvis +     l - +0 mace
rCold  . . .     Gourm    .     d - +0 robe
rNeg   . . .     Faith    .     (no shield)
rPois  .         Spirit   .     (helmet unavailable)
rElec  .         Reflect  .     (no cloak)
rCorr  .         Harm     .     m - +0 pair of gloves
MR     +....                    (no boots)
Stlth  ++........               (no amulet)
                                (no ring)
                                p - ring of protection from magic

@: no status effects
A: permanent stasis, dig shafts and tunnels, four strong arms, antennae 3
a: Dig, Shaft Self


You were on level 6 of the Dungeon.
You were very hungry.

You visited 1 branch of the dungeon, and saw 5 of its levels.

You collected 50 gold pieces.

Inventory:

Hand Weapons
 l - a +0 mace (weapon)
 q - a +0 whip
Missiles
 h - a tomahawk (quivered)
Armour
 d - a +0 robe (worn)
 m - a +0 pair of gloves (worn)
Jewellery
 p - a ring of protection from magic (left hand)
Scrolls
 g - a scroll of identify {unknown}
 n - 2 scrolls of random uselessness {unknown}
 o - a scroll of magic mapping {unknown}
Potions
 e - a potion of agility {unknown}
 i - 2 potions of resistance {unknown}
 k - a potion of curing {unknown}
Books
 a - a book of Changes

   Spells                             Type                      Level
   a - Beastly Appendage              Transmutation                1
   b - Sticks to Snakes               Transmutation                2
   c - Spider Form                    Transmutation/Poison         3
   d - Ice Form                       Ice/Transmutation            4
   e - Blade Hands                    Transmutation                5
 b - the Tome of the Forsaken Lives

   Spells                             Type                      Level
   a - Apportation                    Translocation                1
   b - Recall                         Summoning/Translocation      3
 c - Sif Muna's Collected Works on Venom

   Spells                             Type                      Level
   a - Sting                          Conjuration/Poison           1
   b - Ignite Poison                  Fire/Transmutation/Poison    3
Comestibles
 f - a bread ration
 j - 2 meat rations


   Skills:
 + Level 2.8 Fighting
 + Level 0.4 Throwing
 + Level 0.6 Dodging
 + Level 1.5 Stealth
   Level 1.2 Shields
 - Level 2.1 Spellcasting
   Level 1.0 Necromancy
 + Level 2.5 Transmutations
   Level 1.1 Evocations


You had 5 spell levels left.
You knew the following spells:

 Your Spells              Type           Power        Failure   Level  Hunger
a - Beastly Appendage     Tmut           #.....       12%         1    ##.....


Dungeon Overview and Level Annotations

Branches:
Dungeon (7/15)
 Temple: D:4-7

Altars:

Annotations:
D:4 dscm's ghost, weakling DsFi


Innate Abilities, Weirdness & Mutations

You are under a permanent stasis effect.
You can dig through walls and to a lower floor.
Your four strong arms can wield two-handed weapons with a shield.
You have a pair of large antennae on your head. (SInv)


Message History

You hear the hiss of flowing sand.
There is an entrance to an ossuary on this level.
Hurry and find it before the portal is buried!
A jelly comes into view.
Found a stone staircase leading down.
The jelly quivers.
There is a stone staircase leading down here.
You climb downwards.
A worker ant and a sky beast come into view.
Found a scroll labeled KUADEUCWENAY.
There is a stone staircase leading up here.
The worker ant twitches its antennae in your direction.
You climb upwards.
You hear the hiss of flowing sand.
There is an entrance to an ossuary on this level.
Hurry and find it before the portal is buried!
The jelly hits you.
You are splashed with acid!
The acid burns!
* * * LOW HITPOINT WARNING * * *
The jelly closely misses you.
There is a stone staircase leading down here.
You hit the jelly.
Your hands burn!
You die...

{ #+##
##...##
##.....##
##.......##
#.........#
+@J.......+
#.........#
##.......##
##.....##
##...##
#+##


You could see a jelly.

Vanquished Creatures
  A hound skeleton (D:4)
  A ball python (D:1)
  2 bats
  2 goblins
  2 kobolds
  3 rats (D:1)
11 creatures vanquished.

Notes
Turn   | Place    | Note
-------+----------+-------------------------------------------
     0 | D:1      | muxecoid the Formicid Wanderer began the quest for the Orb.
     0 | D:1      | muxecoid set off with: a book of Changes, the Tome of the Forsaken Lives, Sif Muna's Collected Works on Venom, a +0 robe, a +0 club, a bread ration
     0 | D:1      | Reached XP level 1. HP: 16/16 MP: 3/3
     0 | D:1      | Identified the Tome of the Forsaken Lives
     0 | D:1      | Identified Sif Muna's Collected Works on Venom
     2 | D:1      | Learned a level 1 spell: Beastly Appendage
   568 | D:2      | Reached XP level 2. HP: 23/23 MP: 5/5
   690 | D:2      | You fall through a shaft for 2 floors!
  1004 | D:4      | Reached XP level 3. HP: 7/28 MP: 6/6
  1031 | D:4      | Noticed dscm's ghost (weakling DsFi)
  1037 | D:4      | You fall through a shaft for 2 floors!
  1041 | D:7      | Noticed a sky beast
  1044 | D:6      | Splashed by a jelly's acid

Action                   || total
-------------------------++-------
Melee: Mace              ||    45
       Club              ||    10
Throw: Tomahawk          ||     3
 Abil: Shaft Self        ||     2
 Stab: Sleeping          ||     1
Armor: Robe              ||    21
Dodge: Dodged            ||    67
